 Dungeon Crawl Stone Soup version 0.27.1-2-g3b301248ec (webtiles) character file.

Game seed: 2900686294772492880

58 MisterFreud the Covered (level 4, -1/34 HPs)
             Began as a Gnoll Wanderer on Sept 25, 2021.
             Was a Follower of Hepliaklqana.
             Killed by divine providence
             ... invoked by an orc priest
              (13 damage)
             ... on level 3 of the Dungeon.
             The game lasted 00:02:34 (2156 turns).

MisterFreud the Covered (Gnoll Wanderer)            Turns: 2156, Time: 00:02:35

Health: -1/34      AC:  7    Str: 12    XL:     4   Next: 2%
Magic:  5/5        EV: 10    Int: 12    God:    Hepliaklqana [*.....]
Gold:   64         SH:  0    Dex: 11    Spells: 5/5 levels left

rFire    . . .     SeeInvis .   h - +3 whip (venom)
rCold    . . .     Faith    .   (no shield)
rNeg     . . .     Spirit   .   c - +0 ring mail
rPois    .         Reflect  .   (no helmet)
rElec    .         Harm     .   (no cloak)
rCorr    .         Rampage  .   (no gloves)
Will     .....                  g - +0 pair of boots
Stlth    +.........             (no amulet)
HPRegen  0.11/turn              (no ring)
MPRegen  0.09/turn              (no ring)

@: no status effects
A: reduced essence, fangs 1, strong nose, distributed training
a: Renounce Religion, Recall Ancestor, Ancestor Identity


You were on level 3 of the Dungeon.
You worshipped Hepliaklqana.
Hepliaklqana was aware of your devotion.
You visited 1 branch of the dungeon, and saw 3 of its levels.

You collected 64 gold pieces.

Inventory:

Hand Weapons
 a - a +2 dagger
 d - a +0 mace
 h - a +3 whip of venom (weapon)
Missiles
 b - a curare-tipped dart (quivered)
Armour
 c - a +0 ring mail (worn)
 g - a +0 pair of boots (worn)
Potions
 e - 2 potions of haste
 f - 2 potions of curing {unknown}
 i - a potion of heal wounds {unknown}
 j - a potion of degeneration {unknown}
 n - a potion of magic {unknown}


   Skills:
 + Level 4.6 Fighting
 + Level 1.0 Short Blades
 + Level 1.0 Long Blades
 + Level 1.0 Axes
 + Level 6.5 Maces & Flails
 + Level 1.0 Polearms
 + Level 1.0 Staves
 + Level 1.0 Slings
 + Level 1.0 Bows
 + Level 1.0 Crossbows
 + Level 2.7 Throwing
 + Level 6.5 Armour
 + Level 1.0 Dodging
 + Level 1.0 Stealth
 + Level 1.0 Shields
 + Level 1.0 Unarmed Combat
 + Level 1.0 Spellcasting
 + Level 0.7 Conjurations
 + Level 0.7 Hexes
 + Level 0.7 Summonings
 + Level 0.7 Necromancy
 + Level 0.7 Translocations
 + Level 0.7 Transmutations
 + Level 0.7 Fire Magic
 + Level 0.7 Ice Magic
 + Level 0.7 Air Magic
 + Level 0.7 Earth Magic
 + Level 0.7 Poison Magic
 + Level 1.1 Invocations
 + Level 2.7 Evocations


You had 5 spell levels left.
You didn't know any spells.
Your spell library was empty.

Dungeon Overview and Level Annotations

Branches:
Dungeon (3/15)

Altars:
Hepliaklqana
Zin
Beogh


Innate Abilities, Weirdness & Mutations

Your life essence is reduced to manifest your ancestor. (-10% HP)
You have very sharp teeth.
Your uncanny sense of smell can sniff out nearby items.
Your experience applies equally to all skills.


Message History

Done exploring.
Done exploring.
There is a stone staircase leading down here.
As you read the scroll labelled XEMPAU UBOPY, it crumbles to dust.
You feel momentarily disoriented.
It was a scroll of magic mapping.
As you read the scroll labelled XOYGUP YSAXTIJ, it crumbles to dust.
It is a scroll of identify.
e - 2 potions of haste
As you read the scroll labelled DETITI YS HUPULE, it crumbles to dust.
It is a scroll of enchant weapon.
Your +2 whip of venom glows red for a moment.
You climb downwards.
Found 10 gold pieces.
There is a stone staircase leading up here.
You now have 64 gold pieces (gained 10).
You swap places.
You swap places.
An orc priest comes into view. It is wielding a +0 club.
The orc priest shouts!
An orc comes into view. It is wielding a +0 short sword.
There are monsters nearby!
There are monsters nearby!
An orc and an orc priest come into view.
The orc shouts! x2
The orc priest begins to cast a cantrip, but forgets the words!
You swap places.
You swap places.
You swap places.
The orc barely misses Xochipepe.
The orc priest mumbles some strange prayers to Beogh against you.
Beogh smites you!
You open the door.
The orc closely misses Xochipepe.
There is an open door here.
The orc priest casts a cantrip, but nothing happens.
The orc priest calls down the wrath of Beogh upon you.
Beogh smites you!
The orc priest calls down the wrath of Beogh upon you.
Beogh smites you!
You die...

#.# ####.## ##+## #.....#
##...## #.##.## #####.....##
#.##..###..........## .#..
#...................# ...
#.#########.........+ ..o #.#
#.........# ..# # ##.# ∆
#...@....# #.#.# #..# ∆
#.#.....## #.#.# #..#
..#.##.R.## #oo.# #..#
.....#.###o## #.# #..#
......#.# #.# #o# ##.# .... #.#
#.# #.# #.####^####.###o### #.#
###...........##.o..#########.#
#............##......o...o....#


You could see the friendly Xochipepe the ancestor, 2 orc priests and an orc.

Vanquished Creatures
  An adder (D:2)
  2 worms (D:2)
  A dart slug (D:1)
  3 endoplasms
  5 giant cockroaches
  6 hobgoblins
  4 kobolds
  2 quokkas (D:1)
  5 ball pythons
  2 bats
  A frilled lizard (D:1)
  A goblin (D:1)
  6 rats
39 creatures vanquished.

Notes
Turn   | Place    | Note
-------+----------+-------------------------------------------
     0 | D:1      | MisterFreud the Gnoll Wanderer began the quest for the Orb.
     0 | D:1      | MisterFreud set off with the following items: a +2 dagger,
                  | a curare-tipped dart, a +0 ring mail, a +0 mace
     0 | D:1      | Reached XP level 1. HP: 20/20 MP: 1/1
   101 | D:1      | Reached XP level 2. HP: 26/26 MP: 2/2
   111 | D:1      | Found a faded altar of an unknown god.
   769 | D:1      | Reached XP level 3. HP: 30/31 MP: 3/3
   886 | D:1      | You fall into a shaft and drop 1 floor!
  1451 | D:1      | Became a worshipper of Hepliaklqana the Forgotten
  1451 | D:1      | Reached * piety under Hepliaklqana
  1515 | D:2      | Reached skill level 1 in Invocations
  1740 | D:2      | Reached skill level 1 in Short Blades
  1740 | D:2      | Reached skill level 1 in Long Blades
  1740 | D:2      | Reached skill level 1 in Axes
  1740 | D:2      | Reached skill level 1 in Polearms
  1740 | D:2      | Reached skill level 1 in Staves
  1740 | D:2      | Reached skill level 1 in Slings
  1740 | D:2      | Reached skill level 1 in Bows
  1740 | D:2      | Reached skill level 1 in Crossbows
  1740 | D:2      | Reached skill level 1 in Dodging
  1740 | D:2      | Reached skill level 1 in Stealth
  1740 | D:2      | Reached skill level 1 in Shields
  1740 | D:2      | Reached skill level 1 in Unarmed Combat
  1740 | D:2      | Reached skill level 1 in Spellcasting
  1800 | D:2      | Found a glowing silver altar of Zin.
  1941 | D:2      | Reached XP level 4. HP: 25/34 MP: 5/5
  2156 | D:3      | Killed from afar by an orc priest

Illustrated notes

Levels and vault maps discovered:
D:1:      minmay_arrival_semitransparent, layout_basic,
          hellmonk_ecumenical_altar_defaced_shrine, minmay_misc_feat_ornament
D:2:      layout_rooms, basic_altar
D:3:      layout_loops_corners, lemuel_tele_altar, mainiacjoe_overflow_alcove_4

Skill      XL: |  1  2  3 |
---------------+----------+-----
Invocations    | 1 |  1.1
Short Blades   | 1 |  1.0
Long Blades    | 1 |  1.0
Axes           | 1 |  1.0
Polearms       | 1 |  1.0
Staves         | 1 |  1.0
Slings         | 1 |  1.0
Bows           | 1 |  1.0
Crossbows      | 1 |  1.0
Dodging        | 1 |  1.0
Stealth        | 1 |  1.0
Shields        | 1 |  1.0
Unarmed Combat | 1 |  1.0
Spellcasting   | 1 |  1.0
Fighting       | |  4.6
Maces & Flails | |  6.5
Throwing       | |  2.7
Armour         | |  6.5
Conjurations   | |  0.7
Hexes          | |  0.7
Summonings     | |  0.7
Necromancy     | |  0.7
Translocations | |  0.7
Transmutations | |  0.7
Fire Magic     | |  0.7
Ice Magic      | |  0.7
Air Magic      | |  0.7
Earth Magic    | |  0.7
Poison Magic   | |  0.7
Evocations     | |  2.7

Action                   |  1- 3 |  4- 6 || total
-------------------------+-------+-------++-------
Melee: Mace              |    98 |       ||    98
       Bite              |     7 |       ||     7
       Whip              |    21 |       ||    21
       Punch             |     1 |       ||     1
  Use: Scroll            |       |     3 ||     3
 Stab: Distracted        |     1 |       ||     1
Armor: Ring mail         |    47 |       ||    47
Dodge: Dodged            |    59 |       ||    59
